AoeStats
← OldCharlie131

Arabia

508938186Analyzed
1v1 RM · 8d ago on Sep 24, 2026· 26m 8s· 2 players
Game mode
Random Map
Map size
Tiny (2 player)
Population
200
Speed
Normal
Resources
Standard
Victory
Conquest
Starting age
Dark Age
Ending age
Imperial Age
RankedLock teamsTeams togetherTeam positionsShared explorationLock speedFull tech treeHidden civsTurbo modeCheats
Victory
Defeat
🇩🇪 Saxons · Germany
1315
+17
🇹🇷 Cumans · Türkiye
1343
-17
OldCharlie131
5:49 Loom
9:03 Feudal Age
9:48 Man-at-Arms
10:24 Double-Bit Axe
21:07 Castle Age
20:16 Horse Collar
20:29 Gold Mining
20:48 Scale Mail Armor
22:24 Chain Mail Armor
23:45 Bow Saw
25:04 Squires
26:02 Forging
gonzavertigo
7:49 Loom
10:00 Feudal Age
10:26 Double-Bit Axe
16:21 Horse Collar
18:58 Fletching
21:03 Wheelbarrow
21:01 Stone Mining
25:02 Castle Age
23:29 Gold Mining
25:56 Bow Saw
26:08 Bodkin Arrow
Connection lost

Rejoining the realm…

Still unreachable

The connection could not be restored.

Session expired

The server has moved on; the page needs a fresh start.